 Dungeon Crawl Stone Soup version 0.23-a0-396-g5214e5f (webtiles) character file.

99 Loudmushroom the Shield-Bearer (level 4, 0/29 HPs)
             Began as a Gargoyle Fighter on Nov 2, 2018.
             Slain by an orc warrior
             ... wielding a +0 halberd
              (6 damage)
             ... on level 4 of the Dungeon on Nov 3, 2018.
             The game lasted 00:19:18 (1849 turns).

Loudmushroom the Shield-Bearer (Gargoyle Fighter)   Turns: 1849, Time: 00:19:18

Health: 0/29       AC: 10    Str: 21    XL:     4   Next: 72%
Magic:  4/4        EV:  7    Int:  8    God:
Gold:   30         SH:  9    Dex:  9    Spells: 3/3 levels left

rFire    . . .     SeeInvis .   a - +0 war axe
rCold    . . .     Gourm    .   c - +0 shield
rNeg     + . .     Faith    .   e - +0 scale mail
rPois    ∞         Spirit   .   (no helmet)
rElec    +         Reflect  .   (no cloak)
rCorr    .         Harm     .   (no gloves)
MR       .....                  (no boots)
Stlth    ..........             (no amulet)
HPRegen  0.09/turn              (no ring)
MPRegen  0.09/turn              (no ring)

@: no status effects
A: negative energy resistance 1, electricity resistance, unbreathing,
petrification resistance, rot immunity, AC +3
a: no special abilities


You were on level 4 of the Dungeon.
You were not hungry.

You visited 1 branch of the dungeon, and saw 3 of its levels.

You collected 30 gold pieces.

Inventory:

Hand Weapons
 a - a +0 war axe (weapon)
 b - a +0 hunting sling
Missiles
 g - 13 bolts
 p - 80 stones (quivered)
Armour
 c - a +0 shield (worn)
 e - a +0 scale mail (worn)
Jewellery
 m - an uncursed ring of protection from fire {unknown}
Scrolls
 i - 4 scrolls of identify {unknown}
 l - a scroll of blinking {unknown}
 o - a scroll of remove curse {unknown}
 q - a scroll of teleportation {unknown}
Potions
 d - a potion of might
 j - a potion of lignification {unknown}
 k - a potion of curing {unknown}
 n - 2 potions of cancellation {unknown}
Comestibles
 f - 5 rations
 h - 3 chunks of flesh


   Skills:
 + Level 3.9 Fighting
 * Level 3.0 Axes
 + Level 3.8 Armour
 + Level 3.9 Shields


You had 3 spell levels left.
You didn't know any spells.
Your spell library was empty.

Dungeon Overview and Level Annotations

Branches:
Dungeon (2/15)

Altars:
Elyvilon
Sif Muna
Vehumet


Innate Abilities, Weirdness & Mutations

You are resistant to torment.
Your stone body is resilient. (AC +3)
You are immune to poison.
You resist negative energy. (rN+)
You are resistant to electric shocks. (rElec)
You can survive without breathing.
You are immune to petrification.
You are immune to rotting.


Message History

You closely miss the leopard gecko. The leopard gecko barely misses you.
You block the orc warrior's attack.
The leopard gecko bites you but does no damage.
Your shield and scale mail prevent you from hitting the leopard gecko.
The orc warrior hits you from afar with a +0 halberd!!
Ouch! That really hurt!
* * * LOW HITPOINT WARNING * * *
The leopard gecko barely misses you.
The orc warrior hits you from afar with a +0 halberd.
* * * LOW HITPOINT WARNING * * *
You hit the leopard gecko.
The leopard gecko is heavily wounded.
You block the leopard gecko's attack.
The leopard gecko completely misses you.
The orc warrior barely misses you.
You hit the leopard gecko but do no damage.
The leopard gecko is heavily wounded.
You block the leopard gecko's attack.
The orc warrior hits you from afar with a +0 halberd.
You die...

#...##..#
#....#..# ...
#..#.#..# ..o
#.......# o.
##......# ..
###.#### .#
##.## .#
#>..#####.#
##.#.#.#@lo.#
#......#.##.#
#.##.#.#.##.#
#. #.#....#.#
# #......#..
###....###
#.#### ..#
####


You could see an orc warrior and a leopard gecko.

Vanquished Creatures
  2 adders (D:2)
  2 oozes
  4 worms
  3 dart slugs (D:1)
  3 giant cockroaches
  7 goblins
  9 hobgoblins
  6 kobolds
  2 quokkas (D:2)
  6 bats
  5 frilled lizards
  8 rats
57 creatures vanquished.

Notes
Turn   | Place    | Note
-------+----------+-------------------------------------------
     0 | D:1      | Loudmushroom the Gargoyle Fighter began the quest for the
                  | Orb.
     0 | D:1      | Reached XP level 1. HP: 14/14 MP: 1/1
    74 | D:1      | Reached XP level 2. HP: 19/19 MP: 2/2
   234 | D:1      | Reached XP level 3. HP: 23/23 MP: 3/3
  1146 | D:2      | Reached XP level 4. HP: 29/29 MP: 4/4
  1562 | D:2      | Found a radiant altar of Vehumet.
  1562 | D:2      | Found a white marble altar of Elyvilon.
  1571 | D:2      | Found a deep blue altar of Sif Muna.
  1804 | D:2      | You fall through a shaft for 2 floors!
  1839 | D:4      | Noticed an orc warrior
  1849 | D:4      | Slain by an orc warrior

Vault maps used:
D:1:      erik_arrival_cave_to_civilisation
D:2:      gammafunk_temple_overflow_claw, chequers_serial_rivers_room_a
D:4:      nicolae_ru_sacrificial_ziggurat, first_ration, chequers_jeans,
          nicolae_underground_beach, uniq_eustachio, uniq_sigmund, uniq_pikel

Skill      XL: |  1  2  3  4 |
---------------+-------------+-----
Axes           | 2 3 |  3.0
Fighting       | |  3.9
Armour         | |  3.8
Shields        | |  3.9

Action                   |  1- 3 |  4- 6 || total
-------------------------+-------+-------++-------
Melee: War axe           |    92 |    71 ||   163
  Eat: Chunk             |     1 |     2 ||     3
Armor: Scale mail        |    53 |    31 ||    84
Dodge: Dodged            |    27 |    18 ||    45
Block: Shield            |    49 |    41 ||    90

Table legend:
 A = Non-vault XP
 B = Vault XP
 C = Vault XP percentage of total XP
 D = Non-vault monster count
 E = Vault monster count
 F = Vault count percentage of total count
                 A         B        C        D         E       F
            +---------+---------+-------+---------+---------+-------
      Total |     142 |       0 |   0.0 |      57 |       0 |   0.0
            +---------+---------+-------+---------+---------+-------
        D:1 |      59 |       0 |   0.0 |      29 |       0 |   0.0
        D:2 |      78 |       0 |   0.0 |      27 |       0 |   0.0
        D:4 |       5 |       0 |   0.0 |       1 |       0 |   0.0
            +---------+---------+-------+---------+---------+-------
